 Dungeon Crawl Stone Soup version 0.17-a0-1446-gc28613e (webtiles) character file.

111070 abixa the Executioner (level 16, -3/143 (144) HPs)
             Began as a Minotaur Gladiator on June 28, 2015.
             Was the Champion of Okawaru.
             Succumbed to a swamp dragon's poison gas
             ... on level 1 of the Swamp.
             The game lasted 02:31:53 (36827 turns).

abixa the Executioner (Minotaur Gladiator)         Turns: 36827, Time: 02:31:53

HP:   -3/143 (144)  AC: 28    Str: 21    XL:     16   Next: 8%
MP:   5/20          EV: 13    Int:  5    God:    Okawaru [******]
Gold: 2219          SH:  0    Dex: 21    Spells: 1 memorised, 12 levels left

rFire  + . .     SeeInvis .     a - +7 executioner's axe (freeze)
rCold  + + +     Clarity  .     U - +4 plate armour of Hioniabb {*Drain rC++ Dex+4 Stlth+}
rNeg   . . .     SustAt   +     (no shield)
rPois  .         Gourm    .     r - +2 hat {Spirit}
rElec  .         Spirit   +     S - +1 cloak
rCorr  +         Warding  .     R - +0 pair of gloves
rMut   .         Stasis   .     c - +0 pair of boots
MR     +....                    k - amulet of resist corrosion
Stlth  ..........               L - ring "Wathroal" {rF+ rC+}
                                h - ring "Wir Jatt" {SustAt +Blink rC+++}

@: lethally poisoned (-3 -> -127), somewhat resistant to hostile enchantments,
extremely unstealthy
A: retaliatory headbutt, horns 2
a: Heroism, Finesse, Renounce Religion, Evoke Blink


You were on level 1 of the Swamp.
You worshipped Okawaru.
Okawaru was exalted by your worship.
You were not hungry.

You visited 5 branches of the dungeon, and saw 30 of its levels.
You visited 1 bazaar.
You also visited: Labyrinth.

You collected 2772 gold pieces.
You spent 553 gold pieces at shops.

Inventory:

Hand weapons
 a - a +7 executioner's axe of freezing (weapon)
 e - the +3 hand crossbow of Wixiwaf {penet, MR+ Str+6}
   (Okawaru gifted it to you on level 2 of the Lair of Beasts)

   Ammo fired by it will pass through the targets it hits, potentially hitting
   all targets in its path until it reaches maximum range.
   It affects your strength (+6).
   It affects your resistance to hostile enchantments.
 l - the +8 battleaxe "Amiff" {venom, *Confuse rN++}
   (Okawaru gifted it to you on level 2 of the Swamp)

   It poisons the flesh of those it strikes.
   It greatly protects you from negative energy.
   It may confuse you when you take damage.
 s - a +0 blowgun
Missiles
 y - 18 bolts of flame
 Q - 16 steel bolts
Armour
 b - a +2 crystal plate armour
 c - a +0 pair of boots (worn)
 r - a +2 hat of spirit shield (worn)
 N - a +1 hat of magic resistance
 R - a +0 pair of gloves (worn)
 S - a +1 cloak (worn)
 U - the +4 plate armour of Hioniabb (worn) {*Drain rC++ Dex+4 Stlth+}
   (You acquired it on level 3 of the Swamp)

   It affects your dexterity (+4).
   It greatly protects you from cold.
   It causes draining when unequipped.
   It makes you more stealthy.
Jewellery
 h - the ring "Wir Jatt" (left hand) {SustAt +Blink rC+++}
   (You found it on level 10 of the Dungeon)

   [ring of sustain attributes]

   It sustains your strength, intelligence and dexterity.
   It renders you almost immune to cold.
   It lets you blink.
 k - an amulet of resist corrosion (around neck)
 m - an uncursed amulet of resist mutation
 v - an uncursed ring of teleportation
 D - a +4 ring of evasion
 H - an uncursed ring of protection from fire
 K - an uncursed ring of invisibility
 L - the ring "Wathroal" (right hand) {rF+ rC+}
   (You found it on level 9 of the Dungeon)

   [ring of protection from fire]

   It protects you from fire.
   It protects you from cold.
 T - the ring "Gaiczukh" {AC+2 Str+3}
   (You found it on level 6 of the Dungeon)

   [ring of protection]

   It affects your AC (+2).
   It affects your strength (+3).
 W - an uncursed amulet of warding
 X - an uncursed ring of see invisible
Magical devices
 f - a wand of polymorph (8)
Scrolls
 g - 2 scrolls of summoning
 n - 5 scrolls of magic mapping
 o - 8 scrolls of remove curse
 p - 5 scrolls of blinking
 q - 7 scrolls of fear
 u - 4 scrolls of vulnerability
 x - a scroll of enchant armour
 I - 8 scrolls of teleportation
 O - a scroll of recharging
 P - 6 scrolls of fog
 Y - a scroll of silence
 Z - 3 scrolls of immolation
Potions
 t - 9 potions of heal wounds
 w - 3 potions of flight
 z - 3 potions of might
 A - 15 potions of curing
 B - a potion of ambrosia {unknown}
 C - a potion of berserk rage
 E - a potion of brilliance {unknown}
 F - 3 potions of agility
 G - 3 potions of cancellation
 J - 3 potions of haste
 M - 5 potions of lignification
 V - a potion of cure mutation
Miscellaneous
 d - a phial of floods
Comestibles
 i - 2 bread rations


   Skills:
 + Level 13.3 Fighting
 - Level 21.0 Axes
 - Level 10.0 Crossbows
 - Level 2.0 Throwing
 - Level 15.0 Armour
 - Level 8.0 Dodging
 - Level 7.0 Invocations
 - Level 5.3 Evocations


You had 12 spell levels left.
You knew the following spells:

 Your Spells              Type           Power        Failure   Level  Hunger
a - Regeneration          Chrm/Necr      #.........   100%        3    ####...


Dungeon Overview and Level Annotations

Branches:
Dungeon (15/15)            Temple (1/1) D:7            Lair (7/8) D:10
  Swamp (3/4) Lair:6        Snake (0/4) Lair:6        Slime (0/6) Lair:7
    Orc (4/4) D:9             Elf (0/3) Orc:3        Vaults (0/5) D:14
 Depths (0/5) D:15

Altars:
Ashenzari
Cheibriados
Dithmenos
Elyvilon
Fedhas
Gozag
Kikubaaqudgha
Makhleb
Nemelex Xobeh
Okawaru
Qazlal
Ru
Sif Muna
Trog
Vehumet
Xom
Yredelemnul
Zin
The Shining One
Beogh
Jiyva

Shops:
D:8 [   Orc:3 [   Orc:4 =?!

Annotations:
D:3 mrath's ghost, average TrFi
D:8 Multipenetrator's ghost, experienced GrEE
Swamp:3 crystal plate armour


Innate Abilities, Weirdness & Mutations

You reflexively headbutt those who attack you in melee.
You have a pair of horns on your head.


Message History

You are engulfed in poison gas.
You are more poisoned.
* * * LOW HITPOINT WARNING * * *
x2 You feel extremely sick.
The swamp dragon misses you.
The swamp dragon claws you but does no damage.
The swamp dragon barely misses you.
You continue eating.
You are engulfed in poison gas.
You are more poisoned.
* * * LOW HITPOINT WARNING * * *
x2 You feel extremely sick.
The swamp dragon barely misses you.
The swamp dragon claws you but does no damage.
The swamp dragon tramples you but does no damage.
You continue eating.
You are engulfed in poison gas.
You are more poisoned.
* * * LOW HITPOINT WARNING * * *
You die...

♣≈≈.≈≈≈≈.≈♣♣.≈≈.♣♣♣≈..≈.....≈≈♣....
≈≈.....≈.≈≈≈....♣ ♣♣.....≈≈.≈≈≈.≈≈.
♣..♣.≈≈≈≈≈≈..≈.♣♣♣♣.≈...≈♣♣.≈≈≈§≈≈.
..≈≈...≈....≈≈.♣[..≈≈...≈♣.....≈≈≈.
.≈♣..≈≈.♣≈≈....≈..≈≈≈≈≈.≈....≈≈....
≈≈≈.≈≈♣.≈≈(≈§≈≈..≈≈≈≈≈≈≈..♣♣.≈≈.♣..
...≈§.≈.♣...≈♣≈..§§≈≈≈≈≈..♣♣.♣≈≈≈≈♣
≈≈.≈.♣≈≈≈.♣..♣..§D§≈≈≈≈≈..♣♣....≈≈§
♣..≈≈..≈..≈≈≈≈≈.§@§§≈≈≈≈...≈..≈≈♣.≈
♣≈≈♣≈≈....♣≈≈.♣.§§§§≈≈≈≈..≈≈≈§≈.≈≈≈
≈.≈≈..≈≈.......§§§§§≈≈≈..≈≈.≈≈≈≈≈≈.
..≈≈≈≈≈♣≈≈...♣≈≈.≈≈≈≈≈≈.§§≈≈≈≈≈≈≈≈.
≈≈♣..≈..♣♣≈♣♣♣§≈♣≈≈≈≈......≈≈≈≈≈≈..
≈≈♣..≈≈♣♣♣≈♣♣♣♣.≈≈...≈≈♣.♣.≈≈♣...♣.
.......♣ ≈≈≈♣♣♣..♣≈.≈≈≈≈.≈♣≈≈...♣♣♣
≈≈≈.≈≈≈♣♣≈≈≈≈♣......≈≈≈≈.≈♣≈≈.≈.♣
.≈.≈.≈≈♣≈≈≈♣≈♣...♣♣..≈P..≈≈.≈..♣♣


You could see a swamp dragon.

Vanquished Creatures
  5 thorn hunters
  Frances (Swamp:2)
  Maud (Orc:3)
  A dire elephant (D:15)
  An ogre mage (D:14)
  5 vault guards (D:14)
  A minotaur (Lab)
  10 hydras
  A ghost crab (Swamp:3)
  6 centaur warriors
  Erolcha (D:8)
  An anaconda (Swamp:1)
  6 alligators
  A spriggan druid (Swamp:2)
  An unseen horror (D:10)
  7 shambling mangroves
  5 orc knights
  The ghost of asdu the Grave Robber, an experienced GrNe of Okawaru (Lair:1)
  7 hill giants
  2 oklob plants (Swamp:2)
  3 hornets (Swamp:2)
  A wolf spider (D:14)
  4 griffons
  3 cyclopes
  2 manticores
  2 orc sorcerers
  A salamander (D:15)
  Maurice (D:9)
  4 elephants
  13 spiny frogs
  A centaur zombie (D:12)
  4 gargoyles
  A torpor snail (Lair:6)
  3 black mambas
  2 kobold demonologists
  A redback zombie (D:15)
  11 komodo dragons
  A fire drake (Lair:6)
  A yaktaur (D:14)
  4 wandering mushrooms
  A polar bear (Lair:4)
  3 giant leeches
  22 blink frogs
  5 trolls
  A wind drake (shapeshifter) (D:14)
  A two-headed ogre (D:11)
  9 slime creatures
  A bog body (Swamp:2)
  A boulder beetle (Lair:7)
  A deep elf mage (D:12)
  A trapdoor spider (D:13)
  3 spriggans
  A trapdoor spider (shapeshifter) (D:13)
  7 wyverns
  A deep elf fighter (D:15)
  6 shadows
  2 hogs (D:14)
  50 yaks
  2 wraiths
  A human (D:14)
  4 basilisks (Lab)
  12 hippogriffs
  10 hungry ghosts
  4 wolves (Lair:1)
  A mottled dragon (D:12)
  5 vampire mosquitoes
  3 wargs
  19 swamp worms
  3 insubstantial wisps (Swamp:3)
  17 porcupines
  17 water moccasins
  A sky beast (D:10)
  Duvessa (D:7)
  6 ogres
  6 swamp drakes
  3 ice beasts
  30 orc warriors
  2 black bears
  7 wasps
  25 centaurs
  4 boggarts (D:15)
  2 necrophages
  5 phantoms
  A big kobold (D:13)
  A brain worm (D:14)
  Blork the orc (D:5)
  27 giant frogs
  16 crocodiles
  Dowan (D:7)
  3 scorpions
  9 killer bees
  4 wights (D:12)
  A troll zombie (D:9)
  2 electric eels
  2 giant frog zombies
  6 crimson imps
  6 jellies
  23 orc priests
  7 hounds
  4 lava snakes (Lab)
  27 orc wizards
  A quasit (D:13)
  2 centaur skeletons
  Jessica (D:3)
  Terence (D:3)
  9 iguanas
  11 worker ants
  4 hell rats
  29 sheep
  7 ogre zombies (D:9)
  A hound skeleton (D:4)
  3 worker ant zombies
  85 river rats
  12 adders
  3 gnolls (D:10)
  A shadow imp (D:6)
  An ooze (D:4)
  3 worms
  7 giant geckos
  168 orcs
  5 bat skeletons
  2 bat zombies
  4 giant cockroaches
  21 goblins
  14 hobgoblins
  13 jackals
  4 quokkas
  2 ball pythons
  14 bats
  A giant gecko skeleton (D:6)
  2 giant newts
  A goblin skeleton (D:9)
  3 goblin zombies (D:9)
  4 hobgoblin zombies (D:9)
  26 kobolds
  17 orc zombies (D:9)
  15 rats
  45 ballistomycetes (Swamp:2)
  3 briar patches (Swamp:2)
  6 fungi
  8 plants
1133 creatures vanquished.

Vanquished Creatures (others)
  A komodo dragon (Lair:2)
  A swamp drake (Swamp:1)
  A centaur (Orc:4)
  A quokka (D:14)
  7 ballistomycetes (Swamp:2)
  4 briar patches (Swamp:2)
  15 fungi
  12 giant spores (Swamp:2)
42 creatures vanquished.

Grand Total: 1175 creatures vanquished

Notes
Turn   | Place    | Note
--------------------------------------------------------------
     0 | D:1      | abixa the Minotaur Gladiator began the quest for the Orb.
     0 | D:1      | Reached XP level 1. HP: 18/18 MP: 0/0
   100 | D:1      | Reached skill level 4 in Axes
   150 | D:1      | Reached XP level 2. HP: 16/25 MP: 1/1
   297 | D:1      | Reached skill level 5 in Axes
   628 | D:1      | Reached XP level 3. HP: 30/30 MP: 2/2
  1013 | D:2      | Found a blossoming altar of Fedhas.
  1226 | D:3      | Noticed mrath's ghost (average TrFi)
  1286 | D:3      | Noticed Jessica
  1291 | D:3      | Killed Jessica
  1291 | D:3      | Reached skill level 6 in Axes
  1291 | D:3      | Reached XP level 4. HP: 35/37 MP: 3/3
  2059 | D:3      | Noticed Terence
  2081 | D:3      | Killed Terence
  2081 | D:3      | Reached skill level 7 in Axes
  2081 | D:3      | Reached XP level 5. HP: 34/42 MP: 4/4
  2213 | D:4      | Noticed a centaur
  2220 | D:4      | Killed a centaur
  2220 | D:4      | Reached skill level 1 in Armour
  2460 | D:4      | Found a glowing silver altar of Zin.
  2486 | D:4      | Reached XP level 6. HP: 43/51 MP: 5/5
  2538 | D:4      | Noticed a phantom
  2564 | D:4      | Killed a phantom
  2744 | D:4      | Found a shadowy altar of Dithmenos.
  2749 | D:4      | Found a snail-covered altar of Cheibriados.
  2749 | D:4      | Found a shimmering altar of Xom.
  2749 | D:4      | Found a basalt altar of Yredelemnul.
  2783 | D:4      | Reached skill level 8 in Axes
  2803 | D:4      | Reached XP level 7. HP: 14/58 MP: 6/6
  3065 | D:4      | Found an ancient bone altar of Kikubaaqudgha.
  3938 | D:5      | Entered Level 5 of the Dungeon
  3996 | D:5      | Reached skill level 9 in Axes
  4110 | D:5      | Noticed Blork the orc
  4212 | D:5      | Killed Blork the orc
  4257 | D:5      | Got a smoking hunting sling
  4303 | D:5      | Reached skill level 5 in Fighting
  4303 | D:5      | Reached XP level 8. HP: 66/68 MP: 7/7
  4483 | D:5      | Found a shattered altar of Ashenzari.
  4483 | D:5      | Found an iron altar of Okawaru.
  4487 | D:5      | Became a worshipper of Warmaster Okawaru
  4731 | D:6      | Found a radiant altar of Vehumet.
  4739 | D:6      | Reached skill level 10 in Axes
  4739 | D:6      | Reached skill level 5 in Armour
  4802 | D:6      | Got a twitching glass ring
  4804 | D:6      | Identified the ring "Gaiczukh" {AC+2 Str+3} (You found it on level 6 of the Dungeon)
  4815 | D:6      | Identified the +9 hunting sling of Zeosaf {velocity, *Corrode rPois Int+7 Dex+2} (You found it on level 5 of the Dungeon)
  5195 | D:6      | You fall through a shaft!
  5411 | D:7      | Noticed Duvessa
  5411 | D:7      | Noticed Dowan
  5427 | D:7      | Killed Duvessa
  5427 | D:7      | Killed Dowan
  5427 | D:7      | Acquired Okawaru's first power
  5464 | D:7      | Reached skill level 11 in Axes
  5525 | D:7      | Found a staircase to the Ecumenical Temple.
  5531 | Temple   | Entered the Ecumenical Temple
  6318 | D:8      | Reached XP level 9. HP: 63/78 MP: 8/8
  6703 | D:8      | Noticed Multipenetrator's ghost (experienced GrEE)
  6952 | D:8      | Noticed Erolcha
  6967 | D:8      | Killed Erolcha
  6967 | D:8      | Reached skill level 12 in Axes
  7011 | D:8      | Found Plog's Antique Armour Shoppe.
  7909 | D:8      | Learned a level 3 spell: Regeneration
  8075 | D:8      | Found a sacrificial altar of Ru.
  8425 | D:9      | Found a staircase to the Orcish Mines.
  8443 | D:9      | Reached skill level 13 in Axes
  8466 | D:9      | Reached XP level 10. HP: 74/88 MP: 9/9
  9035 | D:9      | Got a transparent turquoise ring
  9142 | D:9      | Noticed Maurice
  9230 | D:8      | Reached skill level 1 in Invocations
  9631 | D:9      | Killed Maurice
  9631 | D:9      | Reached skill level 14 in Axes
  9769 | D:10     | Entered Level 10 of the Dungeon
  9790 | D:10     | Identified the ring "Wathroal" {rF+ rC+} (You found it on level 9 of the Dungeon)
 10099 | D:10     | Noticed an elephant
 10100 | D:10     | Found a staircase to the Lair.
 10117 | D:10     | Killed an elephant
 10167 | Lair:1   | Entered Level 1 of the Lair of Beasts
 10233 | Lair:1   | Acquired Okawaru's second power
 10382 | Lair:1   | Reached XP level 11. HP: 44/94 MP: 9/13
 10738 | Lair:1   | Found an opulent altar of Gozag.
 10870 | Lair:1   | Reached skill level 5 in Dodging
 11018 | Lair:1   | Reached skill level 15 in Axes
 11122 | Lair:1   | Noticed asdu's ghost (experienced GrNe)
 11557 | Lair:2   | Noticed a five-headed hydra
 11618 | Lair:1   | Killed asdu's ghost
 11797 | D:10     | Got a bound glass ring
 12241 | D:10     | Reached skill level 5 in Invocations
 12261 | D:10     | Killed an unseen horror
 12388 | Orc:1    | Entered Level 1 of the Orcish Mines
 12658 | Orc:1    | Found a roughly hewn altar of Beogh.
 13509 | Orc:2    | Received a gift from Okawaru
 13846 | Orc:2    | Identified the ring "Wir Jatt" {SustAt +Blink rC+++} (You found it on level 10 of the Dungeon)
 13871 | Orc:3    | Found a bloodstained altar of Trog.
 13871 | Orc:3    | Found Wostecei's Antique Armour Boutique.
 13887 | Orc:3    | Bought a pair of glowing boots for 153 gold pieces
 13994 | Orc:4    | Entered Level 4 of the Orcish Mines
 14037 | Orc:4    | Reached skill level 16 in Axes
 14751 | Orc:3    | Reached skill level 1 in Crossbows
 14981 | D:11     | Noticed a hill giant
 14985 | D:11     | Killed a hill giant
 15238 | D:11     | Noticed a hill giant
 15248 | D:11     | Killed a hill giant
 15248 | D:11     | Reached skill level 5 in Crossbows
 15253 | D:11     | Reached XP level 12. HP: 45/100 MP: 15/15
 15695 | D:11     | Noticed a hill giant
 15701 | D:11     | Killed a hill giant
 16748 | Lair:2   | Noticed a seven-headed hydra
 17109 | Lair:3   | Received a gift from Okawaru
 17878 | Lair:4   | Received a gift from Okawaru
 18661 | Lair:5   | Reached skill level 10 in Armour
 18977 | Lair:5   | Noticed a six-headed hydra
 18984 | Lair:5   | Killed a six-headed hydra
 19121 | Lair:5   | Reached skill level 17 in Axes
 19127 | Lair:5   | Reached skill level 1 in Evocations
 19580 | Lair:4   | Reached XP level 13. HP: 107/110 MP: 17/17
 19616 | Lair:2   | Killed a five-headed hydra
 19774 | Lair:6   | Received a gift from Okawaru
 20010 | Lair:6   | Found a labyrinth entrance.
 20025 | Lab      | Entered a labyrinth
 20368 | Lab      | Reached skill level 10 in Fighting
 20817 | Lab      | Got a steaming plate armour
 20942 | Lab      | Identified the +7 plate armour of the Eternal Fruit {-Tele rN+ Str+3 Stlth+} (You found it in a labyrinth)
 22032 | Lair:6   | Found a staircase to the Snake Pit.
 22482 | Lair:6   | Found a staircase to the Swamp.
 22847 | Lair:7   | Found a runed door.
 22848 | Lair:7   | Found a viscous altar of Jiyva.
 22850 | Lair:7   | Found a staircase to the Slime Pits.
 22870 | Lair:7   | Reached skill level 5 in Evocations
 23029 | Lair:7   | Received a gift from Okawaru
 23439 | Lair:7   | Received a gift from Okawaru
 24654 | Orc:4    | Reached XP level 14. HP: 110/120 MP: 18/18
 24801 | Orc:3    | Found a staircase to the Elven Halls.
 24934 | Orc:3    | Noticed Maud
 24947 | Orc:3    | Killed Maud
 24947 | Orc:3    | Reached skill level 10 in Crossbows
 25164 | Orc:4    | Reached skill level 18 in Axes
 25829 | Orc:4    | Found Zourr's Magic Scroll Shop.
 25829 | Orc:4    | Found Yblos's Magic Scroll Emporium.
 25859 | Orc:4    | Found Kimayrghu's Jewellery Shoppe.
 25861 | Orc:4    | Found Qeynafi's Distillery.
 25865 | Orc:4    | Bought a scroll of identify for 30 gold pieces
 25865 | Orc:4    | Bought a scroll of identify for 30 gold pieces
 26193 | Lair:2   | Killed an eight-headed hydra
 26198 | Lair:2   | Received a gift from Okawaru
 26211 | Lair:2   | Got a fine hand crossbow {god gift}
 26969 | Lair:2   | Identified the +3 hand crossbow of Wixiwaf {penet, MR+ Str+6} (Okawaru gifted it to you on level 2 of the Lair of Beasts)
 28140 | D:13     | Identified a scroll of acquirement
 28252 | D:13     | Received a gift from Okawaru
 28542 | D:14     | Received a gift from Okawaru
 28667 | D:14     | Reached skill level 19 in Axes
 28764 | D:14     | Found a white marble altar of Elyvilon.
 29455 | D:14     | Received a gift from Okawaru
 29493 | D:14     | Received a gift from Okawaru
 29991 | D:14     | Received a gift from Okawaru
 30265 | D:14     | Found a gate to the Vaults.
 30418 | D:15     | Entered Level 15 of the Dungeon
 30485 | D:15     | Reached XP level 15. HP: 120/125 MP: 19/19
 30687 | D:15     | Found a gateway to a bazaar.
 31104 | D:15     | Found a staircase to the Depths.
 31143 | D:15     | Received a gift from Okawaru
 31292 | D:15     | Reached skill level 20 in Axes
 32311 | Bazaar   | Entered a bazaar
 32315 | Bazaar   | Found Kyetuaw's Jewellery Boutique.
 32333 | Bazaar   | Found Tufuaxy's Distillery.
 32350 | Bazaar   | Found Fywuteny's Antique Weapon Boutique.
 32367 | Bazaar   | Found Neeso's Antique Weapon Shoppe.
 32404 | Bazaar   | Bought a potion of heal wounds for 50 gold pieces
 32404 | Bazaar   | Bought a potion of flight for 30 gold pieces
 32404 | Bazaar   | Bought a potion of heal wounds for 50 gold pieces
 32404 | Bazaar   | Bought a potion of might for 40 gold pieces
 32404 | Bazaar   | Bought a potion of curing for 30 gold pieces
 32404 | Bazaar   | Bought a potion of berserk rage for 50 gold pieces
 32404 | Bazaar   | Bought a potion of heal wounds for 50 gold pieces
 32404 | Bazaar   | Bought a potion of might for 40 gold pieces
 32779 | Swamp:1  | Entered Level 1 of the Swamp
 32904 | Swamp:1  | Reached skill level 15 in Armour
 33422 | Swamp:1  | Received a gift from Okawaru
 33958 | Swamp:2  | Noticed Frances
 33984 | Swamp:2  | Killed Frances
 33984 | Swamp:2  | Received a gift from Okawaru
 34809 | Swamp:2  | Got a smoking battleaxe {god gift}
 35057 | Swamp:2  | Identified the +8 battleaxe "Amiff" {venom, *Confuse rN++} (Okawaru gifted it to you on level 2 of the Swamp)
 35073 | Swamp:2  | Noticed a thorn hunter
 35081 | Swamp:2  | Killed a thorn hunter
 35350 | Swamp:2  | Noticed a thorn hunter
 35360 | Swamp:2  | Killed a thorn hunter
 35520 | Swamp:2  | Noticed a thorn hunter
 35537 | Swamp:2  | Killed a thorn hunter
 35799 | Swamp:2  | Reached skill level 21 in Axes
 35955 | Swamp:2  | Noticed a thorn hunter
 35964 | Swamp:2  | Killed a thorn hunter
 36145 | Swamp:3  | Noticed a thorn hunter
 36269 | Swamp:2  | Paralysed by a hornet for 2 turns
 36275 | Swamp:2  | Paralysed by a hornet for 4 turns
 36577 | Swamp:3  | Killed a thorn hunter
 36577 | Swamp:3  | Reached XP level 16. HP: 135/140 MP: 18/20
 36719 | Swamp:3  | Received a gift from Okawaru
 36733 | Swamp:3  | Got a smoking plate armour
 36744 | Swamp:3  | Identified the +4 plate armour of Hioniabb {*Drain rC++ Dex+4 Stlth+} (You acquired it on level 3 of the Swamp)
 36827 | Swamp:1  | HP: 6/143 [swamp dragon] (4)]
 36827 | Swamp:1  | Succumbed to a swamp dragon's poison gas

Vault maps used:
D:1:      dpeg_arrival_orchard, wad_floor_pattern_2, lexackson_kobold_supper
D:2:      fedhas_altar_1
D:3:      first_bread, hangedman_decor_clover_reticule, uniq_terence,
          uniq_jessica
D:4:      grunt_temple_overflow_open, overflow_temple_1_default,
          nicolae_overflow_hidden_temple
D:5:      gammafunk_temple_overflow_wave, uniq_blork_the_orc
D:6:      overflow_temple_1_default, st_stairs_14
D:7:      minmay_temple_entry_hall, minmay_misc_feat_diagonals,
          minmay_joined_circles, uniq_duvessa
D:8:      hangedman_ru_absence, serial_shops, shop, uniq_erolcha
D:9:      zombieorc2_lemuel, serial_bayou, serial_bayou_pond_a,
          serial_bayou_pond_e, serial_bayou_shore_b, serial_bayou_crossing,
          uniq_maurice
D:10:     david_lair_generic
D:14:     grunt_vaults_entry_fortified, elyvilon_altar_4, grunt_livestock,
          minmay_misc_feat_enclosed, minmay_misc_feat_hallway
D:15:     hangedman_depths_entry_try_elsewhere_first, serial_shops,
          bzr_entry_gold, hangedman_decor_push
Temple:   circular_temple_pool_8
Lair:1:   basic_altar
Lair:3:   serial_bayou_shore_b
Lair:6:   nicolae_swamp_entry_splash_gauntlet,
          minmay_snake_entry_guardpost_large, lab_entry_generic,
          beast_lair_carwin_8
Lair:7:   slime_altar_2
Swamp:1:  hangedman_swamp_pad, swamp_pool5, nicolae_swamp_snake_nest,
          infiniplex_staircase_pool
Swamp:2:  nicolae_swamp_phyte_club, evilmike_swamp_ruin_house_6, uniq_frances
Swamp:3:  evilmike_swamp_ruin_rubble_2
Orc:1:    lemuel_statue_altar
Orc:3:    serial_shops, nicolae_shop_trees, nicolae_orc_pool_cavern,
          bloody_trog, uniq_maud
Orc:4:    st_orc_rangers
Lab:      nicolae_lab_very_dead_end, labyrinth_fake_exit, nicolae_lab_lava,
          nicolae_lab_hexagon, nicolae_lab_t_cross, labyrinth_lava_lair,
          lab_statue, labyrinth_glass_2, nicolae_lab_grate_2, nicolae_lab_stuck,
          nicolae_lab_x, lab_fountain, nicolae_lab_blocks
Bazaar:   bazaar_jpeg_circle_common

Action                   |  1- 3 |  4- 6 |  7- 9 | 10-12 | 13-15 | 16-18 || total
-------------------------+-------+-------+-------+-------+-------+-------++-------
Melee: War axe           |    94 |   117 |   330 |   194 |       |       ||   735
       Battleaxe         |       |       |       |   736 |   422 |     2 ||  1160
       Executioner's axe |       |       |       |       |   809 |    30 ||   839
       Bardiche          |       |       |       |       |    19 |       ||    19
 Fire: Blowgun           |       |       |       |     8 |       |       ||     8
       Arbalest          |       |       |       |     5 |    18 |       ||    23
       Hand crossbow     |       |       |       |       |    32 |     6 ||    38
Throw: Stone             |       |     3 |     8 |       |       |       ||    11
Invok: Heroism           |       |       |     1 |     3 |     1 |       ||     5
       Finesse           |       |       |       |       |     1 |       ||     1
 Abil: Evoke Blink       |       |       |       |       |     9 |       ||     9
Evoke: Wand              |       |       |       |     1 |     2 |       ||     3
  Use: Potion            |       |     2 |       |       |       |       ||     2
       Scroll            |       |       |     5 |     7 |    25 |     1 ||    38
 Stab: Confused          |       |       |       |       |     3 |       ||     3
  Eat: Chunk             |       |     6 |    17 |    37 |    53 |       ||   113
       Fruit             |       |       |       |       |     4 |       ||     4
       Meat ration       |       |       |       |       |       |     1 ||     1
